 Dungeon Crawl Stone Soup version 0.29.1-15-g9cfb28693d (webtiles) character file.

Game seed: 2977006247702738294

196 kingofthe the Conjurer (level 5, -3/28 HPs)
             Began as a Deep Elf Conjurer on Mar 9, 2023.
             Slain by Duvessa
             ... wielding a +0 short sword
              (13 damage)
             ... on level 4 of the Dungeon.
             The game lasted 00:06:26 (3447 turns).

kingofthe the Conjurer (Deep Elf Conjurer)          Turns: 3447, Time: 00:06:26

Health: -3/28      AC:  7    Str:  4    XL:     5   Next: 45%
Magic:  6/14       EV: 13    Int: 23    God:
Gold:   176        SH:  0    Dex: 15    Spells: 6/13 levels left

rFire   . . .      SeeInvis .   (no weapon)
rCold   . . .      Faith    .   (no shield)
rNeg    . . .      Spirit   .   a - +0 robe
rPois   .          Reflect  .   q - +2 helmet
rElec   .          Harm     .   (no cloak)
rCorr   .          Rampage  .   m - +0 pair of gloves
Will    .....                   o - +0 pair of boots
Stlth   ++........              (no amulet)
HPRegen 0.09/turn               (no ring)
MPRegen 0.14/turn               (no ring)

@: no status effects
A: no striking features
a: no special abilities


You were on level 4 of the Dungeon.
You visited 1 branch of the dungeon, and saw 4 of its levels.

You collected 176 gold pieces.


   Skills:
 - Level 4.0 Dodging
 - Level 3.0 Stealth
 + Level 4.7 Spellcasting
 + Level 5.3 Conjurations
 * Level 2.5 Hexes


You had 6 spell levels left.
You knew the following spells:

 Your Spells              Type           Power      Damage    Failure   Level
a - Magic Dart            Conj           100%       1d8       1%          1
b - Searing Ray           Conj           60%        2d6       1%          2
c - Fulminant Prism       Conj/Hex       11%        3d9       19%         4

Your spell library contained the following spells:

 Spells                   Type           Power      Damage    Failure   Level
 Dazzling Flash           Conj/Hex       46%        N/A       6%          3
 Ensorcelled Hibernation  Hex/Ice        22%        N/A       9%          2
 Beastly Appendage        Tmut           10%        N/A       10%         1
 Necrotise                Necr           20%        1d5       10%         1
 Wereblood                Tmut           5%         N/A       14%         2
 Spider Form              Tmut/Pois      5%         N/A       28%         3
 Vampiric Draining        Necr           5%         2d6       28%         3
 Iskenderun's Mystic Bla  Conj/Tloc      17%        2d5       32%         4
 Anguish                  Hex/Necr       5%         N/A       50%         4
 Agony                    Necr           5%         N/A       95%         5

Inventory:

Armour
 a - a +0 robe (worn)
 d - a +1 hat
 m - a +0 pair of gloves (worn)
 o - a +0 pair of boots (worn)
 q - a +2 helmet (worn)
Scrolls
 e - 2 scrolls of identify {unknown}
 f - 2 scrolls of enchant weapon {unknown}
 h - a scroll of brand weapon {unknown}
 i - 3 scrolls of teleportation {unknown}
 j - 2 scrolls of magic mapping {unknown}
 k - a scroll of butterflies {unknown}
 p - a scroll of amnesia {unknown}
Potions
 b - a potion of magic
 c - a potion of ambrosia {unknown}
 g - a potion of degeneration {unknown}
 l - a potion of lignification {unknown}
 n - 2 potions of curing {unknown}
 r - a potion of might

Dungeon Overview and Level Annotations

Branches:
Dungeon (4/15)             Temple (0/1) D:4

Altars:
Kikubaaqudgha
Uskayaw
Yredelemnul

Annotations:
D:4 Duvessa

#.... .. #.... .
#....##### ##.
#.....#.. ..# .....#.#
#.# ▒▒▒+ ▒...####.# ##
▒.... #.......###....
▒.⌠.⌠.▒#..###.....>...
+..>.)e@..#
##.#########
▒.⌠.⌠.▒##.#
#.........# ▒.... #.#
#########.# ▒▒▒+ ...
#...###..# .###
##........# #
#.....<#..#
#.##.###..# #. #... #
#.##


You could see Duvessa (berserk).


Message History

The searing ray hits Duvessa.
Duvessa is moderately wounded.
The searing ray hits Dowan!
Dowan is moderately wounded.
Duvessa misses you.
The searing ray hits Duvessa.
Duvessa is heavily wounded.
The searing ray hits Dowan!
Dowan is severely wounded.
Duvessa hits you with a +0 short sword.
The searing ray misses Duvessa.
The searing ray hits Dowan!
You kill Dowan!
Duvessa weeps, and shakes her weapon.
Duvessa goes berserk!
You finish channelling your searing ray.
Duvessa hits you with a +0 short sword!
* * * LOW HITPOINT WARNING * * *
Training target 4.0 for Dodging reached!
Your Dodging skill increases to level 4!
Your Hexes skill increases to level 2!
Casting: Searing Ray (safe; 1% risk of failure)
Confirm with . or Enter, or press ? or * to list all spells.
Aiming: Searing Ray (safe; 1% risk of failure)
Press: ? - help, Shift-Dir - straight line, f/p - Duvessa
Aim: Duvessa, wielding a +0 short sword and wearing a +0 leather armour (heavily wounded, berserk, 82% to hit)
The searing ray hits Duvessa.
Duvessa is heavily wounded. (Press . to maintain the ray.) Duvessa barely misses you.
Duvessa hits you with a +0 short sword!
You die...

Skill      XL: |  1  2  3  4  5 |
---------------+----------------+-----
Dodging        | 3 4 |  4.0
Spellcasting   | 4 |  4.7
Stealth        | 3 |  3.0
Conjurations   | 5 |  5.3
Hexes          | 1 2 |  2.5

Action                   |  1- 3 |  4- 6 || total
-------------------------+-------+-------++-------
Melee: Unarmed           |     1 |       ||     1
 Cast: Magic Dart        |    45 |    45 ||    90
       Searing Ray       |     8 |     9 ||    17
Armor: Robe              |     2 |       ||     2
Dodge: Dodged            |     6 |     5 ||    11

Levels and vault maps discovered:
D:1:      nicolae_arrival_washed_ashore, layout_loops_ring,
          hellmonk_ecumenical_altar_heavens_door
D:2:      layout_basic, nicolae_wormholes, uniq_jessica, uniq_terence
D:3:      layout_loops_corners, mainiacjoe_overflow_surrounded_room,
          nicolae_uskayaw_en_pointe, kiku_gazebo_garden_becter,
          nicolae_concentric_dashed_squares_wild
D:4:      layout_basic, minmay_temple_entry_hall, uniq_duvessa

Notes
Turn   | Place    | Note
-------+----------+-------------------------------------------
     0 | D:1      | kingofthe the Deep Elf Conjurer began the quest for the
                  | Orb.
     0 | D:1      | Reached XP level 1. HP: 10/10 MP: 6/6
   410 | D:1      | Reached XP level 2. HP: 15/15 MP: 6/8
   413 | D:1      | Learned a level 2 spell: Searing Ray
   442 | D:1      | Found a faded altar of an unknown god.
   850 | D:2      | Noticed Jessica
   854 | D:2      | Killed Jessica
   855 | D:2      | Reached skill level 3 in Dodging
   855 | D:2      | Reached XP level 3. HP: 19/19 MP: 3/10
  1189 | D:2      | Reached skill level 4 in Spellcasting
  1261 | D:2      | Noticed Terence
  1272 | D:2      | HP: 1/19 [Terence/+0 short sword (3)]
  1281 | D:2      | Killed Terence
  1282 | D:2      | Reached skill level 3 in Stealth
  1282 | D:2      | Reached skill level 5 in Conjurations
  1282 | D:2      | Reached XP level 4. HP: 2/24 MP: 0/12
  2038 | D:2      | Learned a level 4 spell: Fulminant Prism
  2300 | D:3      | Found a basalt altar of Yredelemnul.
  2439 | D:3      | Reached skill level 1 in Hexes
  2484 | D:3      | Noticed a +0 short sword
  2484 | D:3      | Noticed a +0 short sword
  2485 | D:3      | Noticed a +0 spear
  2486 | D:3      | Noticed a +0 falchion
  2486 | D:3      | Noticed a +0 falchion
  2487 | D:3      | Noticed a +0 dagger
  2487 | D:3      | Noticed a +0 dagger
  2487 | D:3      | Noticed a +0 spear
  2489 | D:3      | Found a hide-covered altar of Uskayaw.
  2904 | D:3      | Found an ancient bone altar of Kikubaaqudgha.
  2994 | D:3      | Reached XP level 5. HP: 28/28 MP: 10/13
  3442 | D:4      | Found a staircase to the Ecumenical Temple.
  3442 | D:4      | Noticed Duvessa
  3442 | D:4      | Noticed Dowan
  3446 | D:4      | Killed Dowan
  3447 | D:4      | Reached skill level 4 in Dodging
  3447 | D:4      | Reached skill level 2 in Hexes
  3447 | D:4      | Slain by Duvessa

Vanquished Creatures
  Dowan (D:4)
  Jessica (D:2)
  Terence (D:2)
  An adder (D:3)
  8 worms
  2 dart slugs
  7 orcs (D:3)
  3 bats
  5 endoplasms
  4 giant cockroaches
  2 goblins
  3 hobgoblins
  A quokka (D:3)
  A ball python (D:2)
  4 frilled lizards
  5 kobolds
  2 rats (D:1)
51 creatures vanquished.

Table legend: (Time is in decaauts)
 A = Elapsed time spent in this place.
 B = Non-inter-level travel time spent in this place.
 C = Inter-level travel time spent in this place.
 D = Time resting spent in this place.
 E = Time spent auto-exploring this place.
 F = Levels seen in this place.
 G = Mean time per level.
                   A        B        C        D        E       F      G
               +--------+--------+--------+--------+--------+-----+--------+
         Total |   3452 |   3353 |     99 |    330 |   2673 |   4 |  863.0 |
       Dungeon |   3452 |   3353 |     99 |    330 |   2673 |   4 |  863.0 |
               +--------+--------+--------+--------+--------+-----+--------+

Top non-repeatable levels by time:
     D:2: 1288 daAuts
     D:3: 1277 daAuts
     D:1: 856 daAuts
     D:4: 29 daAuts

Table legend:
 A = Non-vault XP
 B = Vault XP
 C = Vault XP percentage of total XP
 D = Non-vault monster count
 E = Vault monster count
 F = Vault count percentage of total count
                 A         B        C        D         E       F
            +---------+---------+-------+---------+---------+-------
      Total |     119 |     161 |  57.5 |      45 |       6 |  11.8
            +---------+---------+-------+---------+---------+-------
        D:1 |      17 |       0 |   0.0 |      11 |       0 |   0.0
        D:2 |      32 |      88 |  73.3 |      14 |       5 |  26.3
        D:3 |      70 |       0 |   0.0 |      20 |       0 |   0.0
        D:4 |       0 |      73 | 100.0 |       0 |       1 | 100.0
            +---------+---------+-------+---------+---------+-------
